 Dungeon Crawl Stone Soup version 0.24.0-37-gcf1ca852f1 (webtiles) character file.

Game seed: 14716825933230626702, levelgen mode: deterministic

412 DildoBatman the Conjurer (level 7, -1/46 HPs)
             Began as a Formicid Wizard on Dec 8, 2019.
             Killed from afar by an orc wizard (9 damage)
             ... with a puff of frost
             ... on level 4 of the Dungeon.
             The game lasted 00:10:06 (4455 turns).

DildoBatman the Conjurer (Formicid Wizard)          Turns: 4455, Time: 00:10:06

Health: -1/46      AC:  2    Str: 11    XL:     7   Next: 14%
Magic:  3/11       EV: 15    Int: 20    God:
Gold:   220        SH:  0    Dex:  9    Spells: 5/12 levels left

rFire    . . .     SeeInvis +   a - +0 trident
rCold    . . .     Gourm    .   (no shield)
rNeg     . . .     Faith    .   d - +0 robe
rPois    .         Spirit   .   (helmet unavailable)
rElec    .         Reflect  .   (no cloak)
rCorr    .         Harm     .   (no gloves)
MR       .....                  (no boots)
Stlth    ++........             (no amulet)
HPRegen  0.15/turn              k - +3 ring of evasion
MPRegen  0.12/turn              (no ring)

@: very slightly contaminated
A: permanent stasis, dig shafts and tunnels, four strong arms, antennae 3
a: Dig, Shaft Self


You were on level 4 of the Dungeon.
You were not hungry.

You visited 1 branch of the dungeon, and saw 5 of its levels.

You collected 220 gold pieces.

Inventory:

Hand Weapons
 a - a +0 trident (weapon)
 b - a +0 short sword of venom
Missiles
 f - 60 sling bullets
 m - 98 stones (quivered)
 p - 5 boomerangs
Armour
 d - a +0 robe (worn)
Jewellery
 k - a +3 ring of evasion (left hand)
Scrolls
 e - 2 scrolls of fog
 q - a scroll of enchant armour
 x - a scroll of remove curse
Potions
 c - 3 potions of might {unknown}
 h - 6 potions of curing {unknown}
 l - a potion of resistance {unknown}
 n - 5 potions of heal wounds {unknown}
 o - 3 potions of magic {unknown}
Comestibles
 v - 7 rations


   Skills:
 - Level 1.7 Dodging
 - Level 2.4 Stealth
 - Level 3.2 Spellcasting
 * Level 5.1 Conjurations
   Level 1.0 Summonings
   Level 0.8 Translocations
 * Level 3.2 Fire Magic
 - Level 1.0 Air Magic


You had 5 spell levels left.
You knew the following spells:

 Your Spells              Type           Power        Failure   Level  Hunger
a - Conjure Flame         Conj/Fire      ###.....     8%          3    ###....
c - Magic Dart            Conj           ###.         1%          1    None
e - Mephitic Cloud        Conj/Pois/Air  ##......     19%         3    ###....

Your spell library contained the following spells:

 Spells                   Type           Power        Failure   Level  Hunger
 Call Imp                 Summ           #.......     14%         2    ##.....
 Slow                     Hex            #.......     22%         2    ##.....
 Blink                    Tloc           Unusable     N/A         2    N/A

Dungeon Overview and Level Annotations

Branches:
Dungeon (5/15)
 Temple: D:4-7

Altars:
Elyvilon

Annotations:
D:3 exclusion: phantom
D:4 1 exclusion, Natasha


Innate Abilities, Weirdness & Mutations

You cannot be hasted, slowed, berserked, paralysed or teleported.
You can dig through walls and to a lower floor.
Your four strong arms can wield two-handed weapons with a shield.
You have a pair of large antennae on your head. (SInv)


Message History

The orc barely misses you.
You dig through the rock wall.
You retract your mandibles.
Casting: Mephitic Cloud (safe; 19% risk of failure)
Confirm with . or Enter, or press ? or * to list all spells.
Aiming: Mephitic Cloud (safe; 19% risk of failure)
Press: ? - help, Shift-Dir - straight line, f - orc
Aim: an orc, wielding a +0 falchion That beam is likely to hit you.
Continue anyway?
The ball explodes into a vile cloud!
The stinking cloud engulfs the orc but does no damage.
The stinking cloud engulfs you but does no damage.
You are engulfed in noxious fumes.
The orc wizard gestures wildly while chanting.
The orc wizard flickers and vanishes for a moment.
The orc is engulfed in noxious fumes.
The orc appears confused.
The orc wizard points at you and mumbles some strange words.
The puff of frost hits you!
You die...

# #........# ##...## #
#..[.##### ##...## #
###...## ####...## #
##.....###.#...## #
##.......#.#o...#
####........>##○○.##
...'.[........#°○o#
####.........#.○☼##
..###.......##..@# #.#
##.....###...#########
#.# ##...##
##..........# #.#
##+## ########.###
#.## #.# ########.#
...# #.# #........#
...# ##.## #.########
##.####...## #.#
...........# #.#


You could see an orc wizard (invisible) and an orc (confused).

Vanquished Creatures
  An ogre (D:4)
  A howler monkey (D:4)
  A hound (D:4)
  An orc priest (D:3)
  3 orc wizards
  A hound skeleton (D:4)
  6 adders
  2 worms
  3 dart slugs
  3 leopard geckos
  11 orcs
  7 bats
  5 giant cockroaches
  4 hobgoblins
  5 jackals (D:1)
  3 frilled lizards
  4 goblins
  3 kobolds
  10 rats
74 creatures vanquished.

Notes
Turn   | Place    | Note
-------+----------+-------------------------------------------
     0 | D:1      | DildoBatman the Formicid Wizard began the quest for the
                  | Orb.
     0 | D:1      | Reached XP level 1. HP: 13/13 MP: 4/4
    19 | D:1      | Reached skill level 1 in Conjurations
   189 | D:1      | Reached XP level 2. HP: 15/19 MP: 1/6
   418 | D:1      | Reached skill level 2 in Conjurations
   652 | D:1      | Reached XP level 3. HP: 14/24 MP: 1/7
   657 | D:1      | Learned a level 3 spell: Conjure Flame
   661 | D:1      | Learned a level 3 spell: Mephitic Cloud
  1209 | D:2      | Reached skill level 3 in Conjurations
  1419 | D:2      | Found a white marble altar of Elyvilon.
  1427 | D:2      | Reached XP level 4. HP: 26/30 MP: 1/8
  1918 | D:2      | Found a faded altar of an unknown god.
  2228 | D:3      | Reached XP level 5. HP: 35/35 MP: 4/9
  2492 | D:3      | Reached skill level 4 in Conjurations
  2660 | D:3      | Reached skill level 1 in Fire Magic
  2811 | D:3      | Reached skill level 1 in Air Magic
  2920 | D:3      | Reached XP level 6. HP: 41/41 MP: 4/10
  3227 | D:4      | Noticed an ogre
  3247 | D:4      | Killed an ogre
  3617 | D:4      | Noticed Natasha
  4102 | D:5      | Entered Level 5 of the Dungeon
  4104 | D:5      | Noticed a phantom
  4317 | D:5      | Reached skill level 5 in Conjurations
  4317 | D:5      | Reached XP level 7. HP: 35/46 MP: 2/11
  4455 | D:4      | Killed from afar by an orc wizard

Levels and vault maps discovered:
D:1:      matt_arrival_spirals, layout_rooms
D:2:      layout_rooms, chequers_ecumenical_altar_simple, elyvilon_altar_5
D:3:      layout_loops_cross
D:4:      layout_loops_corners, first_ration, eino_curves_01, minivault_26,
          uniq_natasha
D:5:      layout_basic, serial_corexii_hall, corexii_hall_statues_u,
          corexii_hall_statues_s

Skill      XL: |  1  2  3  4  5  6 |
---------------+-------------------+-----
Conjurations   | 1 2 3 4 5 |  5.1
Fire Magic     | 1 3 |  3.2
Air Magic      | 1 |  1.0
Dodging        | |  1.7
Stealth        | |  2.4
Spellcasting   | |  3.2
Summonings     | |  1.0
Translocations | |  0.8

Action                   |  1- 3 |  4- 6 |  7- 9 || total
-------------------------+-------+-------+-------++-------
Melee: Unarmed           |     6 |       |       ||     6
       Club              |    17 |     9 |       ||    26
       Trident           |       |    39 |     4 ||    43
       Short sword       |       |       |     4 ||     4
 Cast: Magic Dart        |    82 |   105 |     1 ||   188
       Mephitic Cloud    |       |     4 |     3 ||     7
       Conjure Flame     |       |     4 |       ||     4
 Abil: Dig               |     3 |     6 |     2 ||    11
  Use: Potion            |     1 |       |       ||     1
       Scroll            |       |     4 |       ||     4
 Stab: Confused          |       |     4 |     1 ||     5
  Eat: Chunk             |     2 |     8 |       ||    10
       Ration            |       |       |     1 ||     1
Armor: Skin              |    14 |       |       ||    14
       Robe              |     3 |     5 |     1 ||     9
Dodge: Dodged            |    20 |    29 |     8 ||    57
